 Dungeon Crawl Stone Soup version 0.29-a0-902-g0f71de6fce (webtiles) character file.

Game seed: 14547984651263918633

35 lnt the Sneak (level 3, 26/26 HPs)
             Began as an Octopode Delver on Aug 18, 2021.
             Quit the game on level 5 of the Dungeon on Aug 3, 2022.
             The game lasted 00:04:39 (581 turns).

lnt the Sneak (Octopode Delver)                      Turns: 581, Time: 00:04:39

Health: 26/26      AC:  1    Str: 11    XL:     3   Next: 33%
Magic:  3/3        EV: 13    Int: 13    God:
Gold:   22         SH:  0    Dex: 13    Spells: 2/2 levels left

rFire   . . .      SeeInvis .   a - +0 short sword
rCold   . . .      Faith    .   (no shield)
rNeg    . . .      Spirit   .   (helmet restricted)
rPois   .          Reflect  .   (no amulet)
rElec   .          Harm     .   (no ring)
rCorr   .          Rampage  .   (no ring)
Will    .....                   (no ring)
Stlth   ++++......              (no ring)
HPRegen 0.08/turn               (no ring)
MPRegen 0.08/turn               (no ring)
                                (no ring)
                                (no ring)

@: no status effects
A: almost no armour, amphibious, 8 rings, camouflage 1, gelatinous body 1,
(nimble swimmer 1), tentacles
a: no special abilities


You were on level 5 of the Dungeon.
You visited 1 branch of the dungeon, and saw 1 of its levels.

You collected 22 gold pieces.

Inventory:

Hand Weapons
 a - a +0 short sword (weapon)
Wands
 f - a wand of digging (3)
Scrolls
 b - a scroll of fog
 c - a scroll of magic mapping
 d - a scroll of fear
Potions
 e - a potion of haste


   Skills:
 + Level 3.4 Fighting
 - Level 2.0 Short Blades
 + Level 2.6 Dodging
 + Level 7.1 Stealth


You had 2 spell levels left.
You didn't know any spells.
Your spell library was empty.

Dungeon Overview and Level Annotations

Branches:
Dungeon (5/15)
 Temple: D:4-7

Altars:


Innate Abilities, Weirdness & Mutations

You cannot wear most types of armour.
You are amphibious.
You can wear up to eight rings at the same time.
Your skin changes colour to match your surroundings (Stealth+).
Your rubbery body absorbs attacks. (AC +1, EV +1)
((You are camouflaged when in or above water. (Stealth+)))
You have tentacles for arms and can constrict up to eight enemies at once.


Message History

The centaur skeleton kicks you.
You hit the centaur skeleton.
You squeeze the centaur skeleton, but do no damage.
The centaur skeleton is lightly damaged.
The centaur skeleton barely misses you. The centaur skeleton kicks you.
You hit the centaur skeleton.
The centaur skeleton is moderately damaged.
The centaur skeleton hits you. The centaur skeleton kicks you.
You hit the centaur skeleton.
The centaur skeleton is heavily damaged.
The centaur skeleton hits you.
The centaur skeleton closely misses you.
The centaur skeleton hits you. The centaur skeleton kicks you.
You hit the centaur skeleton.
The centaur skeleton is heavily damaged.
The centaur skeleton closely misses you.
The centaur skeleton kicks you.
You hit the centaur skeleton.
The centaur skeleton is severely damaged.
The centaur skeleton closely misses you.
The centaur skeleton barely misses you.
You hit the centaur skeleton.
You destroy the centaur skeleton!
Your Stealth skill increases to level 7!
You have reached level 3!
Your experience leads to an increase in your attributes!
Increase (S)trength, (I)ntelligence, or (D)exterity?
You feel clever.
You start resting.
HP restored.
Welcome back, lnt the Octopode Delver.
Press ? for a list of commands and other information.
Welcome back, lnt the Octopode Delver.
Press ? for a list of commands and other information.
Unknown command.
Save game and exit?
Okay, then.
Unknown command.
Char dumped successfully.
Are you sure you want to abandon this character and quit the game? (Confirm with "yes".)

.... #. #######..###### ....
####.# #............
....######
#....####.###....####
.........# #.......#.# #....#
...#..##.### ......#.# #....#
...#..#....# #....#.#
#....#### ...#..#..#.#
#..[.#.# #....#...
......#..#.# #....#.#
#[##.####
.........#.#####@...#.###.##.#
...#..##.#..........'.....##.#
......##.#..####....#.###.##.#
.............................#
..###.####..####.####.###.####
.. ..... ......... ......#
..########..####.# #.#.... ..
#..# #.# #.#.### .. #..# #.#
....#


There were no monsters in sight!

Vanquished Creatures
  A centaur skeleton (D:5)
  An ufetubus (D:5)
  An orc (D:5)
3 creatures vanquished.

Notes
Turn   | Place    | Note
-------+----------+-------------------------------------------
     0 | D:5      | lnt the Octopode Delver began the quest for the Orb.
     0 | D:5      | Reached XP level 1. HP: 16/16 MP: 1/1
   334 | D:5      | Reached XP level 2. HP: 21/21 MP: 2/2
   367 | D:5      | Reached skill level 7 in Stealth
   367 | D:5      | Reached XP level 3. HP: 8/26 MP: 3/3
   581 | D:5      | Upgraded the game from 0.28-a0-178-ga708605c5b to
                  | 0.29-a0-902-g0f71de6fce
   581 | D:5      | Quit the game

Illustrated notes

Levels and vault maps discovered:
D:5:      layout_basic, minmay_stone_trees_small

Skill      XL: |  1  2 |
---------------+-------+-----
Stealth        | 7 |  7.1
Fighting       | |  3.4
Short Blades   | |  2.0
Dodging        | |  2.6

Action                   || total
-------------------------++-------
Melee: Short sword       ||    10
       Constrict         ||     1
       Pseudopods        ||     1
 Stab: Sleeping          ||     1
Dodge: Dodged            ||     6

Table legend: (Time is in decaauts)
 A = Elapsed time spent in this place.
 B = Non-inter-level travel time spent in this place.
 C = Inter-level travel time spent in this place.
 D = Time resting spent in this place.
 E = Time spent auto-exploring this place.
 F = Levels seen in this place.
 G = Mean time per level.
                   A        B        C        D        E       F      G
               +--------+--------+--------+--------+--------+-----+--------+
         Total |    581 |    581 |      0 |    396 |      3 |   1 |  581.0 |
       Dungeon |    581 |    581 |      0 |    396 |      3 |   1 |  581.0 |
               +--------+--------+--------+--------+--------+-----+--------+

Top non-repeatable levels by time:
     D:5: 581 daAuts
